Workbook

Sheet Mapping
A1: Sage Account Code | B1: Sage Account Name | C1: CRS Category | D1: Account Code | E1: Odoo Account | F1: Odoo Costcenter Code | G1: Odoo Costcenter | H1: Analytical Accounts | I1: Odoo Location Code | J1: Odoo Location
A2: 1000-100-A01 | B2: PETTY CASH | D2: =_xlfn.XLOOKUP($E2,Data!$B1:$B182,Data!$A1:$A182,"-") -> 111001 | E2: Cash Cash | F2: =_xlfn.XLOOKUP($G2,Data!$F1:$F182,Data!$E1:$E182,"-") -> 12 | G2: Administration | I2: A01 | J2: =_xlfn.XLOOKUP(I2,Data!$C$3:$C$11,Data!$D$3:$D$11,"-") -> Admin
A3: 1000-100-S01 | B3: CASH ON HAND - 10 AVE. | D3: =_xlfn.XLOOKUP($E3,Data!$B1:$B182,Data!$A1:$A182,"-") -> 111002 | E3: Cash on hand - stores | G3: Store and Omni Channel Operations | I3: S01 | J3: =_xlfn.XLOOKUP(I3,Data!$C$3:$C$11,Data!$D$3:$D$11,"-") -> 10th Street Retail
A4: 1000-100-S02 | B4: CASH ON HAND - CHINOOK | D4: =_xlfn.XLOOKUP($E4,Data!$B1:$B182,Data!$A1:$A182,"-") -> 111002 | E4: Cash on hand - stores | G4: Store and Omni Channel Operations | I4: S02 | J4: =_xlfn.XLOOKUP(I4,Data!$C$3:$C$11,Data!$D$3:$D$11,"-") -> Chinook Retail
A5: 1000-100-S05 | B5: CASH ON HAND - CROWFOOT | D5: =_xlfn.XLOOKUP($E5,Data!$B1:$B182,Data!$A1:$A182,"-") -> 111002 | E5: Cash on hand - stores | G5: Store and Omni Channel Operations | I5: S05 | J5: =_xlfn.XLOOKUP(I5,Data!$C$3:$C$11,Data!$D$3:$D$11,"-") -> Crowfoot Retail
A6: 1000-100-S11 | B6: CASH ON HAND - Edmonton | D6: =_xlfn.XLOOKUP($E6,Data!$B2:$B183,Data!$A2:$A183,"-") -> 111002 | E6: Cash on hand - stores | G6: Store and Omni Channel Operations | I6: S11 | J6: Strathcona - Edmonton
A7: 1005-100-S01 | B7: CASH IN TRANSIT - 10 AVE. | D7: =_xlfn.XLOOKUP($E7,Data!$B1:$B182,Data!$A1:$A182,"-") -> 111003 | E7: Cash in transit - stores | G7: Store and Omni Channel Operations | I7: S01 | J7: =_xlfn.XLOOKUP(I7,Data!$C$3:$C$11,Data!$D$3:$D$11,"-") -> 10th Street Retail
A8: 1005-100-S02 | B8: CASH IN TRANSIT - CHINOOK | D8: =_xlfn.XLOOKUP($E8,Data!$B1:$B182,Data!$A1:$A182,"-") -> 111003 | E8: Cash in transit - stores | G8: Store and Omni Channel Operations | I8: S02 | J8: =_xlfn.XLOOKUP(I8,Data!$C$3:$C$11,Data!$D$3:$D$11,"-") -> Chinook Retail
A9: 1005-100-S05 | B9: CASH IN TRANSIT - CROWFOOT | D9: =_xlfn.XLOOKUP($E9,Data!$B1:$B182,Data!$A1:$A182,"-") -> 111003 | E9: Cash in transit - stores | G9: Store and Omni Channel Operations | I9: S05 | J9: =_xlfn.XLOOKUP(I9,Data!$C$3:$C$11,Data!$D$3:$D$11,"-") -> Crowfoot Retail
A10: 1005-100-S11 | B10: CASH IN TRANSIT - - Edmonton | D10: =_xlfn.XLOOKUP($E10,Data!$B2:$B183,Data!$A2:$A183,"-") -> 111003 | E10: Cash in transit - stores | G10: Store and Omni Channel Operations | I10: S11 | J10: Strathcona - Edmonton
A11: 1008-100-A01 | B11: BANK BMO | D11: =_xlfn.XLOOKUP($E11,Data!$B1:$B182,Data!$A1:$A182,"-") -> 112001 | E11: Bank-BMO | F11: =_xlfn.XLOOKUP($G11,Data!$F1:$F182,Data!$E1:$E182,"-") -> 12 | G11: Administration | I11: A01 | J11: =_xlfn.XLOOKUP(I11,Data!$C$3:$C$11,Data!$D$3:$D$11,"-") -> Admin
A12: 1009-100-A01 | B12: BANK CIBC MW Naturals (in trust to1226309 Alberta Ltd.) | D12: =_xlfn.XLOOKUP($E12,Data!$B1:$B182,Data!$A1:$A182,"-") -> 111001 | E12: Cash Cash | F12: =_xlfn.XLOOKUP($G12,Data!$F1:$F182,Data!$E1:$E182,"-") -> 12 | G12: Administration | I12: A01 | J12: =_xlfn.XLOOKUP(I12,Data!$C$3:$C$11,Data!$D$3:$D$11,"-") -> Admin
A13: 1010-100-A01 | B13: BANK BMO | D13: =_xlfn.XLOOKUP($E13,Data!$B1:$B182,Data!$A1:$A182,"-") -> 112001 | E13: Bank-BMO | F13: =_xlfn.XLOOKUP($G13,Data!$F1:$F182,Data!$E1:$E182,"-") -> 12 | G13: Administration | I13: A01 | J13: =_xlfn.XLOOKUP(I13,Data!$C$3:$C$11,Data!$D$3:$D$11,"-") -> Admin
A14: 1011-100-A01 | B14: BANK CIBC | D14: =_xlfn.XLOOKUP($E14,Data!$B1:$B182,Data!$A1:$A182,"-") -> 112002 | E14: Bank-CIBC | F14: =_xlfn.XLOOKUP($G14,Data!$F1:$F182,Data!$E1:$E182,"-") -> 12 | G14: Administration | I14: A01 | J14: =_xlfn.XLOOKUP(I14,Data!$C$3:$C$11,Data!$D$3:$D$11,"-") -> Admin
A15: 1012-100-A01 | B15: CREDIT CARD - MASTERCARD | D15: =_xlfn.XLOOKUP($E15,Data!$B1:$B182,Data!$A1:$A182,"-") -> 113001 | E15: CC- Mastercard | F15: =_xlfn.XLOOKUP($G15,Data!$F1:$F182,Data!$E1:$E182,"-") -> 12 | G15: Administration | I15: A01 | J15: =_xlfn.XLOOKUP(I15,Data!$C$3:$C$11,Data!$D$3:$D$11,"-") -> Admin
A16: 1020-100-S01 | B16: DIRECT DEPOSITS | D16: =_xlfn.XLOOKUP($E16,Data!$B1:$B182,Data!$A1:$A182,"-") -> 113004 | E16: Direct Deposits | G16: Store and Omni Channel Operations | I16: S01 | J16: =_xlfn.XLOOKUP(I16,Data!$C$3:$C$11,Data!$D$3:$D$11,"-") -> 10th Street Retail
A17: 1020-100-S02 | B17: DIRECT DEPOSITS | D17: =_xlfn.XLOOKUP($E17,Data!$B1:$B182,Data!$A1:$A182,"-") -> 113004 | E17: Direct Deposits | G17: Store and Omni Channel Operations | I17: S02 | J17: =_xlfn.XLOOKUP(I17,Data!$C$3:$C$11,Data!$D$3:$D$11,"-") -> Chinook Retail
A18: 1020-100-S03 | B18: DIRECT DEPOSITS | D18: =_xlfn.XLOOKUP($E18,Data!$B1:$B182,Data!$A1:$A182,"-") -> 113004 | E18: Direct Deposits | G18: Store and Omni Channel Operations | I18: S03 | J18: =_xlfn.XLOOKUP(I18,Data!$C$3:$C$11,Data!$D$3:$D$11,"-") -> S03
A19: 1020-100-S05 | B19: DIRECT DEPOSITS | D19: =_xlfn.XLOOKUP($E19,Data!$B1:$B182,Data!$A1:$A182,"-") -> 113004 | E19: Direct Deposits | G19: Store and Omni Channel Operations | I19: S05 | J19: =_xlfn.XLOOKUP(I19,Data!$C$3:$C$11,Data!$D$3:$D$11,"-") -> Crowfoot Retail
A20: 1020-100-S06 | B20: DIRECT DEPOSITS | D20: =_xlfn.XLOOKUP($E20,Data!$B1:$B182,Data!$A1:$A182,"-") -> 113004 | E20: Direct Deposits | G20: Store and Omni Channel Operations | I20: S03 | J20: =_xlfn.XLOOKUP(I20,Data!$C$3:$C$11,Data!$D$3:$D$11,"-") -> S03
A21: 1020-100-S11 | B21: DIRECT DEPOSITS | D21: =_xlfn.XLOOKUP($E21,Data!$B2:$B183,Data!$A2:$A183,"-") -> 113004 | E21: Direct Deposits | G21: Store and Omni Channel Operations | I21: S11 | J21: Strathcona - Edmonton
A22: 1030-100-S01 | B22: VISA DEPOSITS | D22: =_xlfn.XLOOKUP($E22,Data!$B1:$B182,Data!$A1:$A182,"-") -> 113002 | E22: CC-Visa | G22: Store and Omni Channel Operations | I22: S01 | J22: =_xlfn.XLOOKUP(I22,Data!$C$3:$C$11,Data!$D$3:$D$11,"-") -> 10th Street Retail
A23: 1030-100-S02 | B23: VISA DEPOSITS | D23: =_xlfn.XLOOKUP($E23,Data!$B1:$B182,Data!$A1:$A182,"-") -> 113002 | E23: CC-Visa | G23: Store and Omni Channel Operations | I23: S02 | J23: =_xlfn.XLOOKUP(I23,Data!$C$3:$C$11,Data!$D$3:$D$11,"-") -> Chinook Retail
A24: 1030-100-S03 | B24: VISA DEPOSITS | D24: =_xlfn.XLOOKUP($E24,Data!$B1:$B182,Data!$A1:$A182,"-") -> 113002 | E24: CC-Visa | G24: Store and Omni Channel Operations | I24: S03 | J24: =_xlfn.XLOOKUP(I24,Data!$C$3:$C$11,Data!$D$3:$D$11,"-") -> S03
A25: 1030-100-S05 | B25: VISA DEPOSITS | D25: =_xlfn.XLOOKUP($E25,Data!$B1:$B182,Data!$A1:$A182,"-") -> 113002 | E25: CC-Visa | G25: Store and Omni Channel Operations | I25: S05 | J25: =_xlfn.XLOOKUP(I25,Data!$C$3:$C$11,Data!$D$3:$D$11,"-") -> Crowfoot Retail
A26: 1030-100-S06 | B26: VISA DEPOSITS - WEB STORE | D26: =_xlfn.XLOOKUP($E26,Data!$B1:$B182,Data!$A1:$A182,"-") -> 113002 | E26: CC-Visa | G26: Store and Omni Channel Operations | I26: S03 | J26: =_xlfn.XLOOKUP(I26,Data!$C$3:$C$11,Data!$D$3:$D$11,"-") -> S03
A27: 1030-100-S11 | B27: VISA DEPOSITS | D27: =_xlfn.XLOOKUP($E27,Data!$B2:$B183,Data!$A2:$A183,"-") -> 113002 | E27: CC-Visa | G27: Store and Omni Channel Operations | I27: S11 | J27: Strathcona - Edmonton
A28: 1035-100-S01 | B28: AMERICAN EXPRESS DEPOSITS | D28: =_xlfn.XLOOKUP($E28,Data!$B1:$B182,Data!$A1:$A182,"-") -> 113003 | E28: CC-Amex | G28: Store and Omni Channel Operations | I28: S01 | J28: =_xlfn.XLOOKUP(I28,Data!$C$3:$C$11,Data!$D$3:$D$11,"-") -> 10th Street Retail
A29: 1035-100-S02 | B29: AMERICAN EXPRESS DEPOSITS | D29: =_xlfn.XLOOKUP($E29,Data!$B1:$B182,Data!$A1:$A182,"-") -> 113003 | E29: CC-Amex | G29: Store and Omni Channel Operations | I29: S02 | J29: =_xlfn.XLOOKUP(I29,Data!$C$3:$C$11,Data!$D$3:$D$11,"-") -> Chinook Retail
A30: 1035-100-S03 | B30: AMERICAN EXPRESS DEPOSITS | D30: =_xlfn.XLOOKUP($E30,Data!$B1:$B182,Data!$A1:$A182,"-") -> 113003 | E30: CC-Amex | G30: Store and Omni Channel Operations | I30: S03 | J30: =_xlfn.XLOOKUP(I30,Data!$C$3:$C$11,Data!$D$3:$D$11,"-") -> S03
A31: 1035-100-S05 | B31: AMERICAN EXPRESS DEPOSITS | D31: =_xlfn.XLOOKUP($E31,Data!$B1:$B182,Data!$A1:$A182,"-") -> 113003 | E31: CC-Amex | G31: Store and Omni Channel Operations | I31: S05 | J31: =_xlfn.XLOOKUP(I31,Data!$C$3:$C$11,Data!$D$3:$D$11,"-") -> Crowfoot Retail
A32: 1035-100-S06 | B32: AMERICAN EXPRESS DEPOSITS | D32: =_xlfn.XLOOKUP($E32,Data!$B1:$B182,Data!$A1:$A182,"-") -> 113003 | E32: CC-Amex | G32: Store and Omni Channel Operations | I32: S03 | J32: =_xlfn.XLOOKUP(I32,Data!$C$3:$C$11,Data!$D$3:$D$11,"-") -> S03
A33: 1035-100-S11 | B33: AMERICAN EXPRESS DEPOSITS | D33: =_xlfn.XLOOKUP($E33,Data!$B2:$B183,Data!$A2:$A183,"-") -> 113003 | E33: CC-Amex | G33: Store and Omni Channel Operations | I33: S11 | J33: Strathcona - Edmonton
A34: 1040-100-S01 | B34: MASTERCARD DEPOSITS | D34: =_xlfn.XLOOKUP($E34,Data!$B1:$B182,Data!$A1:$A182,"-") -> 113001 | E34: CC- Mastercard | G34: Store and Omni Channel Operations | I34: S01 | J34: =_xlfn.XLOOKUP(I34,Data!$C$3:$C$11,Data!$D$3:$D$11,"-") -> 10th Street Retail
A35: 1040-100-S02 | B35: MASTERCARD DEPOSITS | D35: =_xlfn.XLOOKUP($E35,Data!$B1:$B182,Data!$A1:$A182,"-") -> 113001 | E35: CC- Mastercard | G35: Store and Omni Channel Operations | I35: S02 | J35: =_xlfn.XLOOKUP(I35,Data!$C$3:$C$11,Data!$D$3:$D$11,"-") -> Chinook Retail
A36: 1040-100-S03 | B36: MASTERCARD DEPOSITS | D36: =_xlfn.XLOOKUP($E36,Data!$B1:$B182,Data!$A1:$A182,"-") -> 113001 | E36: CC- Mastercard | G36: Store and Omni Channel Operations | I36: S03 | J36: =_xlfn.XLOOKUP(I36,Data!$C$3:$C$11,Data!$D$3:$D$11,"-") -> S03
A37: 1040-100-S05 | B37: MASTERCARD DEPOSITS | D37: =_xlfn.XLOOKUP($E37,Data!$B1:$B182,Data!$A1:$A182,"-") -> 113001 | E37: CC- Mastercard | G37: Store and Omni Channel Operations | I37: S05 | J37: =_xlfn.XLOOKUP(I37,Data!$C$3:$C$11,Data!$D$3:$D$11,"-") -> Crowfoot Retail
A38: 1040-100-S06 | B38: MASTERCARD DEPOSITS - WEB STORE | D38: =_xlfn.XLOOKUP($E38,Data!$B1:$B182,Data!$A1:$A182,"-") -> 113001 | E38: CC- Mastercard | G38: Store and Omni Channel Operations | I38: S03 | J38: =_xlfn.XLOOKUP(I38,Data!$C$3:$C$11,Data!$D$3:$D$11,"-") -> S03
A39: 1040-100-S11 | B39: MASTERCARD DEPOSITS | D39: =_xlfn.XLOOKUP($E39,Data!$B2:$B183,Data!$A2:$A183,"-") -> 113001 | E39: CC- Mastercard | G39: Store and Omni Channel Operations | I39: S11 | J39: Strathcona - Edmonton
A40: 1045-100-S03 | B40: STRIPE DEPOSITS - HOME DELIVERY STORE | D40: =_xlfn.XLOOKUP($E40,Data!$B1:$B182,Data!$A1:$A182,"-") -> 113005 | E40: Stripe Deposits | G40: Store and Omni Channel Operations | I40: S03 | J40: =_xlfn.XLOOKUP(I40,Data!$C$3:$C$11,Data!$D$3:$D$11,"-") -> S03
A41: 1045-100-S06 | B41: PAYPAL DEPOSITS - WEB STORE | D41: =_xlfn.XLOOKUP($E41,Data!$B1:$B182,Data!$A1:$A182,"-") -> 113005 | E41: Stripe Deposits | G41: Store and Omni Channel Operations | I41: S03 | J41: =_xlfn.XLOOKUP(I41,Data!$C$3:$C$11,Data!$D$3:$D$11,"-") -> S03
A42: 1050-100-S01 | B42: CASH DEPOSITS - S1 | D42: =_xlfn.XLOOKUP($E42,Data!$B1:$B182,Data!$A1:$A182,"-") -> 113007 | E42: Cash Deposits | G42: Store and Omni Channel Operations | I42: S01 | J42: =_xlfn.XLOOKUP(I42,Data!$C$3:$C$11,Data!$D$3:$D$11,"-") -> 10th Street Retail
A43: 1050-100-S02 | B43: CASH DEPOSITS - S2 | D43: =_xlfn.XLOOKUP($E43,Data!$B1:$B182,Data!$A1:$A182,"-") -> 113007 | E43: Cash Deposits | G43: Store and Omni Channel Operations | I43: S02 | J43: =_xlfn.XLOOKUP(I43,Data!$C$3:$C$11,Data!$D$3:$D$11,"-") -> Chinook Retail
A44: 1050-100-S03 | B44: CASH DEPOSITS - S3 | D44: =_xlfn.XLOOKUP($E44,Data!$B1:$B182,Data!$A1:$A182,"-") -> 113007 | E44: Cash Deposits | G44: Store and Omni Channel Operations | I44: S03 | J44: =_xlfn.XLOOKUP(I44,Data!$C$3:$C$11,Data!$D$3:$D$11,"-") -> S03
A45: 1050-100-S05 | B45: CASH DEPOSITS - S5 | D45: =_xlfn.XLOOKUP($E45,Data!$B1:$B182,Data!$A1:$A182,"-") -> 113007 | E45: Cash Deposits | G45: Store and Omni Channel Operations | I45: S05 | J45: =_xlfn.XLOOKUP(I45,Data!$C$3:$C$11,Data!$D$3:$D$11,"-") -> Crowfoot Retail
A46: 1050-100-S06 | B46: CASH DEPOSITS - R1 | D46: =_xlfn.XLOOKUP($E46,Data!$B1:$B182,Data!$A1:$A182,"-") -> 113007 | E46: Cash Deposits | G46: Store and Omni Channel Operations | I46: S03 | J46: =_xlfn.XLOOKUP(I46,Data!$C$3:$C$11,Data!$D$3:$D$11,"-") -> S03
A47: 1050-100-S11 | B47: CASH DEPOSITS - - Edmonton | D47: =_xlfn.XLOOKUP($E47,Data!$B2:$B183,Data!$A2:$A183,"-") -> 113007 | E47: Cash Deposits | G47: Store and Omni Channel Operations | I47: S11 | J47: Strathcona - Edmonton
A48: 1090-100-A01 | B48: BANK CLEARING | D48: =_xlfn.XLOOKUP($E48,Data!$B1:$B182,Data!$A1:$A182,"-") -> 113008 | E48: Bank Clearing | F48: =_xlfn.XLOOKUP($G48,Data!$F1:$F182,Data!$E1:$E182,"-") -> 12 | G48: Administration | I48: A01 | J48: =_xlfn.XLOOKUP(I48,Data!$C$3:$C$11,Data!$D$3:$D$11,"-") -> Admin
A49: 1100-100-A01 | B49: ACCOUNTS RECEIVABLE | D49: =_xlfn.XLOOKUP($E49,Data!$B1:$B182,Data!$A1:$A182,"-") -> 135100 | E49: Accounts Receivable - domestic | G49: Administration | I49: A01 | J49: =_xlfn.XLOOKUP(I49,Data!$C$3:$C$11,Data!$D$3:$D$11,"-") -> Admin
A50: 1100-100-S01 | B50: A/R MISC 10 AVE STORE | D50: =_xlfn.XLOOKUP($E50,Data!$B1:$B182,Data!$A1:$A182,"-") -> 136100 | E50: Accounts Receivable - Misc | G50: Store and Omni Channel Operations | I50: S01 | J50: =_xlfn.XLOOKUP(I50,Data!$C$3:$C$11,Data!$D$3:$D$11,"-") -> 10th Street Retail
A51: 1100-100-S02 | B51: A/R MISC CHINOOK | D51: =_xlfn.XLOOKUP($E51,Data!$B1:$B182,Data!$A1:$A182,"-") -> 136100 | E51: Accounts Receivable - Misc | G51: Store and Omni Channel Operations | I51: S02 | J51: =_xlfn.XLOOKUP(I51,Data!$C$3:$C$11,Data!$D$3:$D$11,"-") -> Chinook Retail
A52: 1100-100-S11 | B52: A/R MISC - Edmonton | D52: =_xlfn.XLOOKUP($E52,Data!$B2:$B183,Data!$A2:$A183,"-") -> 136100 | E52: Accounts Receivable - Misc | G52: Store and Omni Channel Operations | I52: S11 | J52: Strathcona - Edmonton
A53: 1100-180-W01 | B53: A/R MISC WAREHOUSE | D53: =_xlfn.XLOOKUP($E53,Data!$B1:$B182,Data!$A1:$A182,"-") -> 136100 | E53: Accounts Receivable - Misc | F53: =_xlfn.XLOOKUP($G53,Data!$F1:$F182,Data!$E1:$E182,"-") -> 12 | G53: Administration | I53: W01 | J53: =_xlfn.XLOOKUP(I53,Data!$C$3:$C$11,Data!$D$3:$D$11,"-") -> Warehouse
A54: 1101-100-A01 | B54: EMPLOYEE LOANS | D54: =_xlfn.XLOOKUP($E54,Data!$B1:$B182,Data!$A1:$A182,"-") -> 136100 | E54: Accounts Receivable - Misc | F54: =_xlfn.XLOOKUP($G54,Data!$F1:$F182,Data!$E1:$E182,"-") -> 12 | G54: Administration | I54: A01 | J54: =_xlfn.XLOOKUP(I54,Data!$C$3:$C$11,Data!$D$3:$D$11,"-") -> Admin
A55: 1102-100-A01 | B55: BAD DEBT PROVISION | D55: =_xlfn.XLOOKUP($E55,Data!$B1:$B182,Data!$A1:$A182,"-") -> 136999 | E55: Allowance for bad debts | F55: =_xlfn.XLOOKUP($G55,Data!$F1:$F182,Data!$E1:$E182,"-") -> 12 | G55: Administration | I55: A01 | J55: =_xlfn.XLOOKUP(I55,Data!$C$3:$C$11,Data!$D$3:$D$11,"-") -> Admin
A56: 1105-100-A01 | B56: ACCOUNTS RECEIVABLE MISC. | D56: =_xlfn.XLOOKUP($E56,Data!$B1:$B182,Data!$A1:$A182,"-") -> 136100 | E56: Accounts Receivable - Misc | F56: =_xlfn.XLOOKUP($G56,Data!$F1:$F182,Data!$E1:$E182,"-") -> 12 | G56: Administration | I56: A01 | J56: =_xlfn.XLOOKUP(I56,Data!$C$3:$C$11,Data!$D$3:$D$11,"-") -> Admin
A57: 1105-100-W01 | B57: ACCOUNTS RECEIVABLE MISC. - NEW WAREHOUSE | D57: =_xlfn.XLOOKUP($E57,Data!$B1:$B182,Data!$A1:$A182,"-") -> 136100 | E57: Accounts Receivable - Misc | F57: =_xlfn.XLOOKUP($G57,Data!$F1:$F182,Data!$E1:$E182,"-") -> 12 | G57: Administration | I57: W01 | J57: =_xlfn.XLOOKUP(I57,Data!$C$3:$C$11,Data!$D$3:$D$11,"-") -> Warehouse
A58: 1130-100-A01 | B58: GST RECEIVABLE (PAID) | D58: =_xlfn.XLOOKUP($E58,Data!$B1:$B182,Data!$A1:$A182,"-") -> 118100 | E58: GST receivable | G58: Administration | I58: A01 | J58: =_xlfn.XLOOKUP(I58,Data!$C$3:$C$11,Data!$D$3:$D$11,"-") -> Admin
A59: 1131-100-A01 | B59: GST RECEIVABLE (PAID) MANUFACTURING | D59: =_xlfn.XLOOKUP($E59,Data!$B1:$B182,Data!$A1:$A182,"-") -> 213100 | E59: GST to pay | G59: Administration | I59: A01 | J59: =_xlfn.XLOOKUP(I59,Data!$C$3:$C$11,Data!$D$3:$D$11,"-") -> Admin
A60: 1160-100-A01 | B60: ACCOUNTS RECEIVABLE - PROJECTS | D60: =_xlfn.XLOOKUP($E60,Data!$B1:$B182,Data!$A1:$A182,"-") -> 136100 | E60: Accounts Receivable - Misc | F60: =_xlfn.XLOOKUP($G60,Data!$F1:$F182,Data!$E1:$E182,"-") -> 12 | G60: Administration | I60: A01 | J60: =_xlfn.XLOOKUP(I60,Data!$C$3:$C$11,Data!$D$3:$D$11,"-") -> Admin
A61: 1210-100-A01 | B61: PREPAID EXPENSES | D61: =_xlfn.XLOOKUP($E61,Data!$B1:$B182,Data!$A1:$A182,"-") -> 131210 | E61: Prepaid Expenses | F61: =_xlfn.XLOOKUP($G61,Data!$F1:$F182,Data!$E1:$E182,"-") -> 12 | G61: Administration | I61: A01 | J61: =_xlfn.XLOOKUP(I61,Data!$C$3:$C$11,Data!$D$3:$D$11,"-") -> Admin
A62: 1210-100-S01 | B62: PREPAID EXPENSES - 10TH AVENUE | D62: =_xlfn.XLOOKUP($E62,Data!$B1:$B182,Data!$A1:$A182,"-") -> 131210 | E62: Prepaid Expenses | G62: Store and Omni Channel Operations | I62: S01 | J62: =_xlfn.XLOOKUP(I62,Data!$C$3:$C$11,Data!$D$3:$D$11,"-") -> 10th Street Retail
A63: 1210-100-S02 | B63: PREPAID EXPENSES - CHINOOK | D63: =_xlfn.XLOOKUP($E63,Data!$B1:$B182,Data!$A1:$A182,"-") -> 131210 | E63: Prepaid Expenses | G63: Store and Omni Channel Operations | I63: S02 | J63: =_xlfn.XLOOKUP(I63,Data!$C$3:$C$11,Data!$D$3:$D$11,"-") -> Chinook Retail
A64: 1210-100-S03 | B64: PREPAID EXPENSES - FARMERS MARKET | D64: =_xlfn.XLOOKUP($E64,Data!$B1:$B182,Data!$A1:$A182,"-") -> 131210 | E64: Prepaid Expenses | G64: Store and Omni Channel Operations | I64: S03 | J64: =_xlfn.XLOOKUP(I64,Data!$C$3:$C$11,Data!$D$3:$D$11,"-") -> S03
A65: 1210-100-S05 | B65: PREPAID EXPENSES - CROWFOOT | D65: =_xlfn.XLOOKUP($E65,Data!$B1:$B182,Data!$A1:$A182,"-") -> 131210 | E65: Prepaid Expenses | G65: Store and Omni Channel Operations | I65: S05 | J65: =_xlfn.XLOOKUP(I65,Data!$C$3:$C$11,Data!$D$3:$D$11,"-") -> Crowfoot Retail
A66: 1210-100-S11 | B66: PREPAID EXPENSES - EDMONTON | D66: =_xlfn.XLOOKUP($E66,Data!$B2:$B183,Data!$A2:$A183,"-") -> 131210 | E66: Prepaid Expenses | G66: Store and Omni Channel Operations | I66: S11 | J66: Strathcona - Edmonton
A67: 1210-100-W01 | B67: PREPAID EXPENSES - WAREHOUSE | D67: =_xlfn.XLOOKUP($E67,Data!$B1:$B182,Data!$A1:$A182,"-") -> 131210 | E67: Prepaid Expenses | F67: =_xlfn.XLOOKUP($G67,Data!$F1:$F182,Data!$E1:$E182,"-") -> 12 | G67: Administration | I67: W01 | J67: =_xlfn.XLOOKUP(I67,Data!$C$3:$C$11,Data!$D$3:$D$11,"-") -> Warehouse
A68: 1211-100-A01 | B68: PREPAID EXPENSES - INSURANCE | D68: =_xlfn.XLOOKUP($E68,Data!$B1:$B182,Data!$A1:$A182,"-") -> 131210 | E68: Prepaid Expenses | F68: =_xlfn.XLOOKUP($G68,Data!$F1:$F182,Data!$E1:$E182,"-") -> 12 | G68: Administration | I68: A01 | J68: =_xlfn.XLOOKUP(I68,Data!$C$3:$C$11,Data!$D$3:$D$11,"-") -> Admin
A69: 1212-100-A01 | B69: PREPAID EXPENSES - WCB | D69: =_xlfn.XLOOKUP($E69,Data!$B1:$B182,Data!$A1:$A182,"-") -> 131215 | E69: WCB Prepaid Expenses | F69: =_xlfn.XLOOKUP($G69,Data!$F1:$F182,Data!$E1:$E182,"-") -> 12 | G69: Administration | I69: A01 | J69: =_xlfn.XLOOKUP(I69,Data!$C$3:$C$11,Data!$D$3:$D$11,"-") -> Admin
A70: 1213-100-A01 | B70: Prepaid Maintenance - MW Naturals | D70: =_xlfn.XLOOKUP($E70,Data!$B1:$B182,Data!$A1:$A182,"-") -> 131210 | E70: Prepaid Expenses | F70: =_xlfn.XLOOKUP($G70,Data!$F1:$F182,Data!$E1:$E182,"-") -> 12 | G70: Administration | I70: A01 | J70: =_xlfn.XLOOKUP(I70,Data!$C$3:$C$11,Data!$D$3:$D$11,"-") -> Admin
A71: 1215-100-A01 | B71: ASSET HELD FOR SALE | D71: =_xlfn.XLOOKUP($E71,Data!$B1:$B182,Data!$A1:$A182,"-") -> 171400 | E71: Fixed Assets | F71: =_xlfn.XLOOKUP($G71,Data!$F1:$F182,Data!$E1:$E182,"-") -> 12 | G71: Administration | H71: Asset - Held for Sale | I71: A01 | J71: =_xlfn.XLOOKUP(I71,Data!$C$3:$C$11,Data!$D$3:$D$11,"-") -> Admin
A72: 1300-205-S01 | B72: S1-INV GROCERY - FRESH BAKED GOODS | C72: Fresh Baked Goods - 1310-200 | D72: =_xlfn.XLOOKUP($E72,Data!$B1:$B182,Data!$A1:$A182,"-") -> 114100 | E72: Inventory | G72: Store and Omni Channel Operations | I72: S01 | J72: =_xlfn.XLOOKUP(I72,Data!$C$3:$C$11,Data!$D$3:$D$11,"-") -> 10th Street Retail
A73: 1300-205-S02 | B73: S2-INV GROCERY - FRESH BAKED GOODS | C73: Fresh Baked Goods - 1310-200 | D73: =_xlfn.XLOOKUP($E73,Data!$B1:$B182,Data!$A1:$A182,"-") -> 114100 | E73: Inventory | G73: Store and Omni Channel Operations | I73: S02 | J73: =_xlfn.XLOOKUP(I73,Data!$C$3:$C$11,Data!$D$3:$D$11,"-") -> Chinook Retail
A74: 1300-205-S03 | B74: S3 FM-INV GROCERY - FRESH BAKED GOODS | C74: Fresh Baked Goods - 1310-200 | D74: =_xlfn.XLOOKUP($E74,Data!$B1:$B182,Data!$A1:$A182,"-") -> 114100 | E74: Inventory | G74: Store and Omni Channel Operations | I74: S03 | J74: =_xlfn.XLOOKUP(I74,Data!$C$3:$C$11,Data!$D$3:$D$11,"-") -> S03
A75: 1300-205-S05 | B75: S5-INV GROCERY - FRESH BAKED GOODS | C75: Fresh Baked Goods - 1310-200 | D75: =_xlfn.XLOOKUP($E75,Data!$B1:$B182,Data!$A1:$A182,"-") -> 114100 | E75: Inventory | G75: Store and Omni Channel Operations | I75: S05 | J75: =_xlfn.XLOOKUP(I75,Data!$C$3:$C$11,Data!$D$3:$D$11,"-") -> Crowfoot Retail
A76: 1300-205-S06 | B76: R1-INV GROCERY - FRESH BAKED GOODS | C76: Fresh Baked Goods - 1310-200 | D76: =_xlfn.XLOOKUP($E76,Data!$B1:$B182,Data!$A1:$A182,"-") -> 114100 | E76: Inventory | G76: Store and Omni Channel Operations | I76: S03 | J76: =_xlfn.XLOOKUP(I76,Data!$C$3:$C$11,Data!$D$3:$D$11,"-") -> S03
A77: 1300-205-S11 | B77: S11-INV GROCERY - FRESH BAKED GOODS | C77: Fresh Baked Goods - 1310-200 | D77: =_xlfn.XLOOKUP($E77,Data!$B2:$B183,Data!$A2:$A183,"-") -> 114100 | E77: Inventory | G77: Store and Omni Channel Operations | I77: S11 | J77: Strathcona - Edmonton
A78: 1300-205-W01 | B78: S8-INV GROCERY - FRESH BAKED GOODS | C78: Fresh Baked Goods - 1310-200 | D78: =_xlfn.XLOOKUP($E78,Data!$B1:$B182,Data!$A1:$A182,"-") -> 114100 | E78: Inventory | G78: Store and Omni Channel Operations | I78: W01 | J78: =_xlfn.XLOOKUP(I78,Data!$C$3:$C$11,Data!$D$3:$D$11,"-") -> Warehouse
A79: 1300-210-S01 | B79: S1-INV GROCERY - DAIRY AND EGGS | C79: Dairy & Eggs - 1310-210 | D79: =_xlfn.XLOOKUP($E79,Data!$B1:$B182,Data!$A1:$A182,"-") -> 114100 | E79: Inventory | G79: Store and Omni Channel Operations | I79: S01 | J79: =_xlfn.XLOOKUP(I79,Data!$C$3:$C$11,Data!$D$3:$D$11,"-") -> 10th Street Retail
A80: 1300-210-S02 | B80: S2-INV GROCERY - DAIRY AND EGGS | C80: Dairy & Eggs - 1310-210 | D80: =_xlfn.XLOOKUP($E80,Data!$B1:$B182,Data!$A1:$A182,"-") -> 114100 | E80: Inventory | G80: Store and Omni Channel Operations | I80: S02 | J80: =_xlfn.XLOOKUP(I80,Data!$C$3:$C$11,Data!$D$3:$D$11,"-") -> Chinook Retail
A81: 1300-210-S03 | B81: S3 FM-INV GROCERY - DAIRY AND EGGS | C81: Dairy & Eggs - 1310-210 | D81: =_xlfn.XLOOKUP($E81,Data!$B1:$B182,Data!$A1:$A182,"-") -> 114100 | E81: Inventory | G81: Store and Omni Channel Operations | I81: S03 | J81: =_xlfn.XLOOKUP(I81,Data!$C$3:$C$11,Data!$D$3:$D$11,"-") -> S03
A82: 1300-210-S05 | B82: S5-INV GROCERY - DAIRY AND EGGS | C82: Dairy & Eggs - 1310-210 | D82: =_xlfn.XLOOKUP($E82,Data!$B1:$B182,Data!$A1:$A182,"-") -> 114100 | E82: Inventory | G82: Store and Omni Channel Operations | I82: S05 | J82: =_xlfn.XLOOKUP(I82,Data!$C$3:$C$11,Data!$D$3:$D$11,"-") -> Crowfoot Retail
A83: 1300-210-S06 | B83: R1-INV GROCERY - DAIRY AND EGGS | C83: Dairy & Eggs - 1310-210 | D83: =_xlfn.XLOOKUP($E83,Data!$B1:$B182,Data!$A1:$A182,"-") -> 114100 | E83: Inventory | G83: Store and Omni Channel Operations | I83: S03 | J83: =_xlfn.XLOOKUP(I83,Data!$C$3:$C$11,Data!$D$3:$D$11,"-") -> S03
A84: 1300-210-S11 | B84: S11-INV GROCERY - DAIRY AND EGGS | C84: Dairy & Eggs - 1310-210 | D84: =_xlfn.XLOOKUP($E84,Data!$B2:$B183,Data!$A2:$A183,"-") -> 114100 | E84: Inventory | G84: Store and Omni Channel Operations | I84: S11 | J84: Strathcona - Edmonton
A85: 1300-210-W01 | B85: S8-INV GROCERY - DAIRY AND EGGS | C85: Dairy & Eggs - 1310-210 | D85: =_xlfn.XLOOKUP($E85,Data!$B1:$B182,Data!$A1:$A182,"-") -> 114100 | E85: Inventory | G85: Store and Omni Channel Operations | I85: W01 | J85: =_xlfn.XLOOKUP(I85,Data!$C$3:$C$11,Data!$D$3:$D$11,"-") -> Warehouse
A86: 1300-220-S01 | B86: S1-INV GROCERY - DRY GOODS | C86: Dry Goods - 1310-220 | D86: =_xlfn.XLOOKUP($E86,Data!$B1:$B182,Data!$A1:$A182,"-") -> 114100 | E86: Inventory | G86: Store and Omni Channel Operations | I86: S01 | J86: =_xlfn.XLOOKUP(I86,Data!$C$3:$C$11,Data!$D$3:$D$11,"-") -> 10th Street Retail
A87: 1300-220-S02 | B87: S2-INV GROCERY - DRY GOODS | C87: Dry Goods - 1310-220 | D87: =_xlfn.XLOOKUP($E87,Data!$B1:$B182,Data!$A1:$A182,"-") -> 114100 | E87: Inventory | G87: Store and Omni Channel Operations | I87: S02 | J87: =_xlfn.XLOOKUP(I87,Data!$C$3:$C$11,Data!$D$3:$D$11,"-") -> Chinook Retail
A88: 1300-220-S03 | B88: S3 FM-INV GROCERY - DRY GOODS | C88: Dry Goods - 1310-220 | D88: =_xlfn.XLOOKUP($E88,Data!$B1:$B182,Data!$A1:$A182,"-") -> 114100 | E88: Inventory | G88: Store and Omni Channel Operations | I88: S03 | J88: =_xlfn.XLOOKUP(I88,Data!$C$3:$C$11,Data!$D$3:$D$11,"-") -> S03
A89: 1300-220-S05 | B89: S5-INV GROCERY - DRY GOODS | C89: Dry Goods - 1310-220 | D89: =_xlfn.XLOOKUP($E89,Data!$B1:$B182,Data!$A1:$A182,"-") -> 114100 | E89: Inventory | G89: Store and Omni Channel Operations | I89: S05 | J89: =_xlfn.XLOOKUP(I89,Data!$C$3:$C$11,Data!$D$3:$D$11,"-") -> Crowfoot Retail
A90: 1300-220-S06 | B90: R1-INV GROCERY - DRY GOODS | C90: Dry Goods - 1310-220 | D90: =_xlfn.XLOOKUP($E90,Data!$B1:$B182,Data!$A1:$A182,"-") -> 114100 | E90: Inventory | G90: Store and Omni Channel Operations | I90: S03 | J90: =_xlfn.XLOOKUP(I90,Data!$C$3:$C$11,Data!$D$3:$D$11,"-") -> S03
A91: 1300-220-S11 | B91: S11-INV GROCERY - DRY GOODS | C91: Dry Goods - 1310-220 | D91: =_xlfn.XLOOKUP($E91,Data!$B2:$B183,Data!$A2:$A183,"-") -> 114100 | E91: Inventory | G91: Store and Omni Channel Operations | I91: S11 | J91: Strathcona - Edmonton
A92: 1300-220-W01 | B92: S8-INV GROCERY - DRY GOODS | C92: Dry Goods - 1310-220 | D92: =_xlfn.XLOOKUP($E92,Data!$B1:$B182,Data!$A1:$A182,"-") -> 114100 | E92: Inventory | G92: Store and Omni Channel Operations | I92: W01 | J92: =_xlfn.XLOOKUP(I92,Data!$C$3:$C$11,Data!$D$3:$D$11,"-") -> Warehouse
A93: 1300-230-S01 | B93: S1-INV GROCERY - NON-FOOD ITEMS | C93: Non-Food Items - 1310-230 | D93: =_xlfn.XLOOKUP($E93,Data!$B1:$B182,Data!$A1:$A182,"-") -> 114100 | E93: Inventory | G93: Store and Omni Channel Operations | I93: S01 | J93: =_xlfn.XLOOKUP(I93,Data!$C$3:$C$11,Data!$D$3:$D$11,"-") -> 10th Street Retail
A94: 1300-230-S02 | B94: S2-INV GROCERY - NON-FOOD ITEMS | C94: Non-Food Items - 1310-230 | D94: =_xlfn.XLOOKUP($E94,Data!$B1:$B182,Data!$A1:$A182,"-") -> 114100 | E94: Inventory | G94: Store and Omni Channel Operations | I94: S02 | J94: =_xlfn.XLOOKUP(I94,Data!$C$3:$C$11,Data!$D$3:$D$11,"-") -> Chinook Retail
A95: 1300-230-S03 | B95: S3 FM-INV GROCERY - NON-FOOD ITEMS | C95: Non-Food Items - 1310-230 | D95: =_xlfn.XLOOKUP($E95,Data!$B1:$B182,Data!$A1:$A182,"-") -> 114100 | E95: Inventory | G95: Store and Omni Channel Operations | I95: S03 | J95: =_xlfn.XLOOKUP(I95,Data!$C$3:$C$11,Data!$D$3:$D$11,"-") -> S03
A96: 1300-230-S05 | B96: S5-INV GROCERY - NON-FOOD ITEMS | C96: Non-Food Items - 1310-230 | D96: =_xlfn.XLOOKUP($E96,Data!$B1:$B182,Data!$A1:$A182,"-") -> 114100 | E96: Inventory | G96: Store and Omni Channel Operations | I96: S05 | J96: =_xlfn.XLOOKUP(I96,Data!$C$3:$C$11,Data!$D$3:$D$11,"-") -> Crowfoot Retail
A97: 1300-230-S06 | B97: R1-INV GROCERY - NON-FOOD ITEMS | C97: Non-Food Items - 1310-230 | D97: =_xlfn.XLOOKUP($E97,Data!$B1:$B182,Data!$A1:$A182,"-") -> 114100 | E97: Inventory | G97: Store and Omni Channel Operations | I97: S03 | J97: =_xlfn.XLOOKUP(I97,Data!$C$3:$C$11,Data!$D$3:$D$11,"-") -> S03
A98: 1300-230-S11 | B98: S11-INV GROCERY - NON-FOOD ITEMS | C98: Non-Food Items - 1310-230 | D98: =_xlfn.XLOOKUP($E98,Data!$B2:$B183,Data!$A2:$A183,"-") -> 114100 | E98: Inventory | G98: Store and Omni Channel Operations | I98: S11 | J98: Strathcona - Edmonton
A99: 1300-230-W01 | B99: S8-INV GROCERY - NON-FOOD ITEMS | C99: Non-Food Items - 1310-230 | D99: =_xlfn.XLOOKUP($E99,Data!$B1:$B182,Data!$A1:$A182,"-") -> 114100 | E99: Inventory | G99: Store and Omni Channel Operations | I99: W01 | J99: =_xlfn.XLOOKUP(I99,Data!$C$3:$C$11,Data!$D$3:$D$11,"-") -> Warehouse
A100: 1300-240-S01 | B100: S1-INV GROCERY - SPECIAL ORDERS | C100: Special Orders Groc 1310-240 | D100: =_xlfn.XLOOKUP($E100,Data!$B1:$B182,Data!$A1:$A182,"-") -> 114100 | E100: Inventory | G100: Store and Omni Channel Operations | I100: S01 | J100: =_xlfn.XLOOKUP(I100,Data!$C$3:$C$11,Data!$D$3:$D$11,"-") -> 10th Street Retail
...

Sheet Data
A1: Account Code | B1: Account Name | C1: Location Code | D1: Location Name | E1: Costcenter Code | F1: Costcenter Name | G1: Tags | H1: Asset Code
A2: - | B2: - - Select Account - - | C2: - | D2: - - Select Location - - | E2: - | F2: - - Select Costcenter - - | G2: - - Select Costcenter - -
A3: 111001 | B3: Cash Cash | C3: A01 | D3: Admin | E3: 01 | F3: Finance | G3: Communication - Employee Cell Phone plan
A4: 111002 | B4: Cash on hand - stores | C4: S01 | D4: 10th Street Retail | E4: 02 | F4: Technology | G4: Communication - Internet/Telephone
A5: 111003 | B5: Cash in transit - stores | C5: S02 | D5: Chinook Retail | E5: 03 | F5: Marketing | G5: Bank Fee - Foreign Exchange
A6: 112001 | B6: Bank-BMO | C6: S05 | D6: Crowfoot Retail | E6: 04 | F6: Category Management | G6: Revenue - Retail
A7: 112002 | B7: Bank-CIBC | C7: W01 | D7: Warehouse | E7: 05 | F7: Facilities | G7: Revenue - Omni
A8: 113001 | B8: CC- Mastercard | C8: S03 | D8: S03 | E8: 06 | F8: Human Resources | G8: Revenue - Click & Collect
A9: 113002 | B9: CC-Visa | C9: S06 | D9: S06 | E9: 07 | F9: Supply Chain | G9: COGS - Retail | J9: michael area ( transportation)
A10: 113003 | B10: CC-Amex | C10: B1 | D10: B1 | E10: 08 | F10: Customer Care | G10: COGS - Omni
A11: 113004 | B11: Direct Deposits | C11: R1 | D11: R1 | E11: 09 | F11: Operations Research | G11: COGS - Click & Collect
A12: 113005 | B12: Stripe Deposits | E12: 10 | F12: Store and Omni Channel Operations | G12: Repairs & maintenance- IT
A13: 113006 | B13: PayPal deposits | E13: 11 | F13: Executive | G13: Repairs & maintenance- Automotive
A14: 113007 | B14: Cash Deposits | E14: 12 | F14: Administration | G14: Repairs & maintenance- Office equipment
A15: 113008 | B15: Bank Clearing | E15: 00 | F15: None | G15: Repairs & maintenance- Store Equipment
A16: 113005 | B16: Stripe | G16: Repairs & maintenance- Building
A17: 113999 | B17: Liquidity Transfer | G17: Professional fees - IT
A18: 114100 | B18: Inventory | G18: Professional fees - Finance
A19: 115100 | B19: Customers Account | G19: Professional fees - HR
A20: 115110 | B20: Customers Account (PoS) | G20: Professional fees - operations (supply chain)
A21: 118100 | B21: GST receivable | G21: Vendor Rebate - Coupons
A22: 118200 | B22: PST/QST receivable | G22: Asset - Land
A23: 118310 | B23: HST receivable - 13% | G23: Asset - Equipment
A24: 118320 | B24: HST receivable - 14% | G24: Asset - Lease Hold Improvements
A25: 118330 | B25: HST receivable - 15% | G25: Asset -Building
A26: 131210 | B26: Prepaid Expenses | G26: Asset - Furniture
A27: 131215 | B27: WCB Prepaid Expenses | G27: Asset - Computer hardware
... A36: 144500 | B36: Stock Delivered But Not Billed | G36: Utilities - Natural Gas
A37: 171400 | B37: Fixed Assets
A38: 171401 | B38: Goodwill
A39: 171402 | B39: Intangible Assets
A40: 177000 | B40: Fixed Assets - accumulated depreciation
A41: 210000 | B41: Bank indebtedness
A42: 211100 | B42: Accounts payable - trade domestic
A43: 211200 | B43: Accounts payable - trade international (by currency)
A44: 212100 | B44: Accrued liabilities
A45: 212150 | B45: Accounts Payable - Misc
A46: 212900 | B46: Stock Received But Not Billed
A47: 212901 | B47: Opentaps clearing
A48: 212902 | B48: Gift certifictes
... A183: 860000 | B183: Overhead - recoveries

Sheet Sheet2
A1: 1
